 Dungeon Sprint DCSS version 0.30-a0-1160-g6e42c06551 (webtiles) character file.

Game seed: 7648001168798496455

96 sircluck the Ruffian (level 4, -2/40 HPs)
             Began as a Ghoul Gladiator on Apr 26, 2023.
             Killed from afar by an oklob sapling (34 damage)
             ... with a splash of acid
             ... in the Dungeon (Sprint IV: "Fedhas' Mad Dash").
             The game lasted 00:00:35 (164 turns).

sircluck the Ruffian (Ghoul Gladiator)               Turns: 164, Time: 00:00:36

Health: -2/40      AC:  0    Str: 19    XL:     4   Next: 67%
Magic:  3/3        EV: 13    Int:  3    God:
Gold:   43         SH:  0    Dex: 10    Spells: 3/3 levels left

rFire   . .          .
                       - Unarmed
rCold   + . .        (no shield)
rNeg    + + +        a - +0 leather armour
rPois   ∞            b - +0 helmet
rElec   .            (no cloak)
rCorr   .            (no gloves)
SInv    .            (no boots)
Will    .....        (no amulet)
Stlth   +            (no ring)
HPRegen 0.00/turn    (no ring)
MPRegen 0.08/turn

%: no teleportation
@: corroded, inhibited regen
A: claws 1, cold resistance 1, negative energy resistance 3, inhibited
regeneration, torment resistance 2, devour on kill
a: no special abilities


You were in the Dungeon.
You visited 1 branch You collected 43 gold pieces.

Inventory:

Missiles
 c - 3 throwing nets (quivered)
 d - a javelin
 j - 6 stones
Armour
 a - a +0 leather armour (worn)
 b - a +0 helmet (worn)
 m - a +0 ring mail
Jewellery
 k - the amulet of invisibility {+Inv}
   (You found it in the Dungeon)

   [amulet of nothing]

   +Inv:      It lets you turn invisible.
Scrolls
 i - a scroll of blinking
 l - a scroll of immolation {unknown}
Potions
 e - a potion of curing
 f - a potion of heal wounds
 g - a potion of haste
 h - 2 potions of magic


   Skills:
 + Level 3.7 Fighting
 + Level 3.1 Throwing
 + Level 5.5 Dodging
 + Level 7.1 Unarmed Combat


You had 3 spell levels left.
You didn't know any spells.
Your spell library was empty.

Dungeon Overview and Level Annotations

Branches:
Dungeon (1/1)

Altars:

Annotations:
D exclusion: oklob sapling


Innate Abilities, Weirdness & Mutations

You are immune to poison.
You have sharp fingernails.
Your flesh is cold resistant. (rC+)
You are immune to negative energy. (rN+++)
You do not regenerate when monsters are visible.
You are immune to unholy pain and torment.
You thrive by killing the living.


Message History

You feel better.
Your Throwing skill increases to level 3!
Your Dodging skill increases to level 5!
Your Unarmed Combat skill gained 2 levels and is now at level 7!
You have reached level 4!
You now have 10 gold pieces.
You see here a +0 ring mail.
k - the amulet of invisibility {+Inv} You see here a +0 ring mail.
You now have 26 gold pieces (gained 16).
You now have 32 gold pieces (gained 6).
l - a scroll labelled YNOWER WOXO You see here a +0 ring mail.
You now have 43 gold pieces (gained 11).
You see here a +0 ring mail.
m - a +0 ring mail You open the door.
An oklob sapling comes into view.
Marking area around an oklob sapling as unsafe for travelling.
Found 23 gold pieces.
Unknown command.
No reachable target in view!
The oklob sapling spits acid at you. The splash of acid hits you!
The acid corrodes you!
There is an open door here.
You scratch the oklob sapling but do no damage.
You scratch the oklob sapling but do no damage.
You completely miss the oklob sapling.
You scratch the oklob sapling but do no damage.
You claw the oklob sapling, but do no damage.
You scratch the oklob sapling.
The oklob sapling is heavily damaged.
You scratch the oklob sapling.
The oklob sapling is almost destroyed.
You scratch the oklob sapling but do no damage.
The oklob sapling is almost destroyed.
The oklob sapling spits acid at you. The splash of acid hits you!!
Ouch! That really hurt!
You die...

##################
#<..P#.....#.....#
#PP..'.†...'.#...+
#PPPP#.....#.#...#
###############'##
+.@.# #$P$# #####


You could see an oklob sapling.

Vanquished Creatures
  A scorpion (D)
  An oklob sapling (D)
  A river rat (D)
  A rat (D)
4 creatures vanquished.

Notes
Turn   | Place    | Note
-------+----------+-------------------------------------------
     0 | D        | sircluck the Ghoul Gladiator began the quest for the Orb.
     0 | D        | Reached XP level 1. HP: 17/17 MP: 0/0
    12 | D        | Reached skill level 4 in Unarmed Combat
    12 | D        | Reached XP level 2. HP: 25/25 MP: 1/1
    21 | D        | Noticed an oklob sapling
    26 | D        | Killed an oklob sapling
    27 | D        | Reached skill level 5 in Unarmed Combat
    27 | D        | Reached XP level 3. HP: 8/31 MP: 2/2
   120 | D        | Noticed a scorpion
   120 | D        | Found the amulet of invisibility {+Inv}
   130 | D        | Killed a scorpion
   131 | D        | Reached skill level 5 in Dodging
   131 | D        | Reached skill level 7 in Unarmed Combat
   131 | D        | Reached XP level 4. HP: 40/40 MP: 3/3
   164 | D        | Killed from afar by an oklob sapling

Illustrated notes

Levels and vault maps discovered:
D:        dungeon_sprint_fedhas [sprint_temple]

Skill      XL: |  1  2  3 |
---------------+----------+-----
Throwing       | 2 3 |  3.1
Dodging        | 3 4 5 |  5.5
Unarmed Combat | 4 5 7 |  7.1
Fighting       | 3 |  3.7

Action                     |  1- 3 |  4- 6 || total
---------------------------+-------+-------++-------
  Melee: Unarmed           |    24 |     7 ||    31
         Punch             |       |     1 ||     1
 Armour: Leather armour    |     7 |       ||     7
  Dodge: Dodged            |    15 |       ||    15

Table legend: (Time is in decaauts)
 A = Elapsed time spent in this place.
 B = Non-inter-level travel time spent in this place.
 C = Inter-level travel time spent in this place.
 D = Time resting spent in this place.
 E = Time spent auto-exploring this place.
 F = Levels seen in this place.
 G = Mean time per level.
                   A        B        C        D        E       F      G
               +--------+--------+--------+--------+--------+-----+--------+
         Total |    161 |    161 |      0 |     91 |      7 |   1 |  161.0 |
       Dungeon |    161 |    161 |      0 |     91 |      7 |   1 |  161.0 |
               +--------+--------+--------+--------+--------+-----+--------+

Top non-repeatable levels by time:
       D: 161 daAuts
